[Event "Live Chess"]
[Site "Chess.com"]
[Date "2021.02.06"]
[Round "-"]
[White "kingcon3"]
[Black "ak121"]
[Result "0-1"]
[CurrentPosition "8/5k1p/5P2/8/8/8/q7/3K3r w - -"]
[Timezone "UTC"]
[ECO "D35"]
[ECOUrl "https://www.chess.com/openings/Queens-Gambit-Declined-Harrwitz-Attack"]
[UTCDate "2021.02.06"]
[UTCTime "20:31:28"]
[WhiteElo "1051"]
[BlackElo "900"]
[TimeControl "1200+10"]
[Termination "ak121 won by checkmate"]
[StartTime "20:31:28"]
[EndDate "2021.02.06"]
[EndTime "20:39:19"]
[Link "https://www.chess.com/live/game/6472991121"]

1. d4 d5 2. c4 e6 3. Nc3 Nf6 4. Bf4 Bd6 5. g3 Bxf4 6. gxf4 Ne4 7. cxd5 Nxc3 8. bxc3 exd5 9. Bg2 O-O 10. Nf3 b6 11. O-O Bb7 12. e3 Na6 13. Qb1 c5 14. Ng5 g6 15. dxc5 Nxc5 16. Rd1 f6 17. Nf3 Ne4 18. Nh4 Nxc3 19. Qd3 Nxd1 20. Rxd1 Re8 21. Bxd5+ Bxd5 22. Qxd5+ Qxd5 23. Rxd5 Rad8 24. Rxd8 Rxd8 25. f5 gxf5 26. Nxf5 Rd2 27. a3 Ra2 28. Ne7+ Kf7 29. Nc8 Rxa3 30. Kg2 b5 31. Kf3 b4 32. Nd6+ Kg6 33. Kf4 b3 34. Nc4 Ra2 35. Kg4 b2 36. Nxb2 Rxb2 37. f4 Rxh2 38. f5+ Kg7 39. e4 a5 40. Kf4 a4 41. e5 fxe5+ 42. Kxe5 a3 43. f6+ Kf7 44. Kf5 a2 45. Ke5 a1=Q+ 46. Kd6 Qa6+ 47. Kd5 Rh5+ 48. Ke4 Qa4+ 49. Kd3 Rh3+ 50. Ke2 Qa2+ 51. Kd1 Rh1# 0-1

[Event "Live Chess"]
[Site "Chess.com"]
[Date "2021.02.06"]
[Round "-"]
[White "RibhavV2018"]
[Black "chessaryaman"]
[Result "1-0"]
[CurrentPosition "3rk2r/p3Qppp/3P2qn/8/8/4p1P1/PP3P1P/R4RK1 b k -"]
[Timezone "UTC"]
[ECO "C25"]
[ECOUrl "https://www.chess.com/openings/Vienna-Game-Anderssen-Defense"]
[UTCDate "2021.02.06"]
[UTCTime "20:31:54"]
[WhiteElo "1232"]
[BlackElo "865"]
[TimeControl "1200+10"]
[Termination "RibhavV2018 won by checkmate"]
[StartTime "20:31:54"]
[EndDate "2021.02.06"]
[EndTime "20:35:59"]
[Link "https://www.chess.com/live/game/6472993299"]

1. e4 e5 2. Nc3 Bc5 3. Bc4 Qh4 4. g3 Qf6 5. Nf3 d6 6. O-O Bg4 7. Be2 Nh6 8. d3 Nc6 9. Bg5 Qg6 10. Nd5 Rc8 11. Be3 Bxe3 12. Nxe3 Bxf3 13. Bxf3 Nd4 14. c3 Nxf3+ 15. Qxf3 c6 16. d4 exd4 17. cxd4 c5 18. e5 cxd4 19. Qxb7 Rd8 20. exd6 dxe3 21. Qe7# 1-0

[Event "Live Chess"]
[Site "Chess.com"]
[Date "2021.02.06"]
[Round "-"]
[White "SubtleGalaxy99"]
[Black "vikrams76"]
[Result "1-0"]
[CurrentPosition "r2qkb1r/ppp2Qp1/2n3P1/3p2p1/3p4/2P4P/PP3P2/RN2K1NR b KQkq -"]
[Timezone "UTC"]
[ECO "C23"]
[ECOUrl "https://www.chess.com/openings/Bishops-Opening"]
[UTCDate "2021.02.06"]
[UTCTime "20:32:06"]
[WhiteElo "937"]
[BlackElo "807"]
[TimeControl "1200+10"]
[Termination "SubtleGalaxy99 won by checkmate"]
[StartTime "20:32:06"]
[EndDate "2021.02.06"]
[EndTime "20:33:53"]
[Link "https://www.chess.com/live/game/6472994589"]

1. e4 e5 2. Bc4 Nc6 3. Qf3 Nf6 4. c3 d6 5. h3 Be6 6. Bxe6 fxe6 7. g4 d5 8. exd5 exd5 9. g5 Ne4 10. g6 Ng5 11. Qf5 h6 12. d4 exd4 13. Bxg5 hxg5 14. Qf7# 1-0

[Event "Live Chess"]
[Site "Chess.com"]
[Date "2021.02.06"]
[Round "-"]
[White "ChessbroSunguy"]
[Black "Rishika8"]
[Result "1-0"]
[CurrentPosition "r1bqk2r/1p1pbQp1/p1p4p/8/3N1R1N/1Pn5/P1P2PPP/R1B3K1 b kq -"]
[Timezone "UTC"]
[ECO "C47"]
[ECOUrl "https://www.chess.com/openings/Four-Knights-Game-Italian-Variation"]
[UTCDate "2021.02.06"]
[UTCTime "20:32:07"]
[WhiteElo "329"]
[BlackElo "643"]
[TimeControl "1200+10"]
[Termination "ChessbroSunguy won by checkmate"]
[StartTime "20:32:07"]
[EndDate "2021.02.06"]
[EndTime "20:35:49"]
[Link "https://www.chess.com/live/game/6472995155"]

1. e4 e5 2. Nf3 Nc6 3. Nc3 Nf6 4. Bc4 h6 5. O-O Bc5 6. d4 Bb4 7. Nb5 a6 8. dxe5 Nxe4 9. Nh4 Nxe5 10. Qh5 Nxc4 11. b3 Ncd6 12. Nd4 Nb5 13. Re1 Be7 14. Rxe4 Nc3 15. Rf4 c6 16. Qxf7# 1-0

[Event "Live Chess"]
[Site "Chess.com"]
[Date "2021.02.06"]
[Round "-"]
[White "PoleStarChess"]
[Black "Ananya670"]
[Result "0-1"]
[CurrentPosition "6k1/6pp/5p2/b7/8/8/1q6/2rK4 w - -"]
[Timezone "UTC"]
[ECO "D02"]
[ECOUrl "https://www.chess.com/openings/Queens-Pawn-Opening-Zukertort-Chigorin-Variation"]
[UTCDate "2021.02.06"]
[UTCTime "20:31:52"]
[WhiteElo "1085"]
[BlackElo "1146"]
[TimeControl "1200+10"]
[Termination "Ananya670 won by checkmate"]
[StartTime "20:31:52"]
[EndDate "2021.02.06"]
[EndTime "20:49:25"]
[Link "https://www.chess.com/live/game/6472995708"]

1. d4 d5 2. Nf3 Nc6 3. Nc3 Nf6 4. e4 e6 5. exd5 exd5 6. Qe2+ Be7 7. h4 O-O 8. Ne5 Bd6 9. Nxc6 bxc6 10. Be3 Ng4 11. Bg5 f6 12. Bd2 Re8 13. Be3 Nxe3 14. fxe3 Bf4 15. Nd1 Bg3+ 16. Kd2 c5 17. dxc5 c6 18. c4 Qa5+ 19. Nc3 Qxc5 20. Rb1 Bf4 21. Nd1 Bb7 22. b4 Qd6 23. c5 Qd8 24. Rg1 a5 25. g3 Ba6 26. Qf3 Bc7 27. Bxa6 Rxa6 28. Re1 axb4 29. Rxb4 Ba5 30. Nc3 Bxb4 31. Qe2 Rxa2+ 32. Kd1 Rxe2 33. Rxe2 Bxc3 34. Kc2 Qa5 35. Kb3 Qb4+ 36. Kc2 Ra8 37. Rd2 Bxd2 38. Kd1 Ra1+ 39. Ke2 Re1+ 40. Kf3 Rxe3+ 41. Kg2 Qb2 42. Kh3 Re4 43. h5 Ba5 44. g4 Qb3+ 45. Kh4 Re3 46. g5 Rh3+ 47. Kg4 Qg3+ 48. Kf5 Qf3+ 49. Ke6 Qe4+ 50. Kd6 Rxh5 51. Kxc6 Rxg5 52. Kb5 Qb4+ 53. Kc6 Rg4 54. Kxd5 Rd4+ 55. Kc6 Rh4 56. Kd6 Rc4 57. Kd5 Qxc5+ 58. Ke6 Qb6+ 59. Kf5 Rc5+ 60. Ke4 Qb4+ 61. Kd3 Rc3+ 62. Ke2 Qb2+ 63. Kd1 Rc1# 0-1

[Event "Live Chess"]
[Site "Chess.com"]
[Date "2021.02.06"]
[Round "-"]
[White "Pusheen_the_PR0"]
[Black "ExcelQueen"]
[Result "1-0"]
[CurrentPosition "8/6Qk/3N4/6R1/8/3PK3/PP5P/2r5 b - -"]
[Timezone "UTC"]
[ECO "C50"]
[ECOUrl "https://www.chess.com/openings/Giuoco-Piano-Game-Four-Knights-Game"]
[UTCDate "2021.02.06"]
[UTCTime "20:32:08"]
[WhiteElo "718"]
[BlackElo "578"]
[TimeControl "1200+10"]
[Termination "Pusheen_the_PR0 won by checkmate"]
[StartTime "20:32:08"]
[EndDate "2021.02.06"]
[EndTime "20:49:10"]
[Link "https://www.chess.com/live/game/6472996177"]

1. e4 e5 2. Nf3 Nc6 3. Bc4 Bc5 4. Nc3 Nf6 5. Ng5 O-O 6. d3 h6 7. Nxf7 Rxf7 8. Qf3 d5 9. exd5 Nd4 10. Qg3 Nxc2+ 11. Ke2 Nxa1 12. Bxh6 Bg4+ 13. Ke1 Kh8 14. Bg5 Nc2+ 15. Kd2 Nd4 16. Re1 Nf5 17. Qxe5 Bd4 18. Qf4 Qg8 19. d6 cxd6 20. Bxf7 Qxf7 21. Nb5 Be5 22. Qb4 Nd5 23. Qxg4 Qg6 24. Qh3+ Kg8 25. f4 Bxf4+ 26. Bxf4 Nxf4 27. Qf3 Nxg2 28. Qxb7 Qg5+ 29. Kc3 Rd8 30. Rg1 Nge3 31. Rxg5 Nh6 32. Qxa7 Rc8+ 33. Kd2 Rc2+ 34. Kxe3 Nf7 35. Nxd6 Rc1 36. Qxf7+ Kh7 37. Qxg7# 1-0

[Event "Live Chess"]
[Site "Chess.com"]
[Date "2021.02.06"]
[Round "-"]
[White "BaMBo0zlEd"]
[Black "speedlimit1000"]
[Result "0-1"]
[CurrentPosition "6k1/1b3p1p/rP4p1/p7/8/6P1/Pb5P/5K2 w - -"]
[Timezone "UTC"]
[ECO "A49"]
[ECOUrl "https://www.chess.com/openings/Indian-Game-East-Indian-Przepiorka-Variation-3...Bg7-4.Bg2"]
[UTCDate "2021.02.06"]
[UTCTime "20:32:20"]
[WhiteElo "1121"]
[BlackElo "1433"]
[TimeControl "1200+10"]
[Termination "speedlimit1000 won by resignation"]
[StartTime "20:32:20"]
[EndDate "2021.02.06"]
[EndTime "20:40:11"]
[Link "https://www.chess.com/live/game/6472998119"]

1. d4 Nf6 2. Nf3 g6 3. g3 Bg7 4. Bg2 d6 5. O-O O-O 6. Nc3 Nbd7 7. Re1 e5 8. dxe5 Nxe5 9. Nxe5 dxe5 10. e4 Qxd1 11. Rxd1 Be6 12. f4 exf4 13. Bxf4 c6 14. e5 Nd7 15. Re1 Rfe8 16. Re3 Bf5 17. Rae1 Bxc2 18. R1e2 Bf5 19. b4 a5 20. b5 Nb8 21. b6 Ra6 22. Rb2 Nd7 23. Na4 Nxe5 24. Bxe5 Bxe5 25. Rd2 Bc8 26. Rde2 Bd4 27. Rb2 Rxe3 28. Bxc6 Re2+ 29. Kf1 Rxb2 30. Nxb2 Bxb2 31. Bxb7 Bxb7 0-1

[Event "Live Chess"]
[Site "Chess.com"]
[Date "2021.02.06"]
[Round "-"]
[White "hrishikeshbollini"]
[Black "Capawesome18"]
[Result "0-1"]
[CurrentPosition "6k1/p4pp1/1p1p3p/P2B4/1P1pP3/3P4/5PPP/3q2K1 w - -"]
[Timezone "UTC"]
[ECO "C46"]
[ECOUrl "https://www.chess.com/openings/Three-Knights-Opening-3...Bb4"]
[UTCDate "2021.02.06"]
[UTCTime "20:32:29"]
[WhiteElo "1017"]
[BlackElo "1023"]
[TimeControl "1200+10"]
[Termination "Capawesome18 won by checkmate"]
[StartTime "20:32:29"]
[EndDate "2021.02.06"]
[EndTime "20:43:16"]
[Link "https://www.chess.com/live/game/6472998844"]

1. e4 e5 2. Nf3 Nc6 3. Nc3 Bb4 4. Bc4 d6 5. d3 h6 6. Bd2 Nf6 7. O-O O-O 8. Nd5 Bxd2 9. Nxf6+ Qxf6 10. Qxd2 Nd4 11. Nxd4 exd4 12. c3 c5 13. cxd4 cxd4 14. Bd5 Qg6 15. Qe2 Bh3 16. Qf3 Rab8 17. Qxh3 b6 18. b4 Rbc8 19. Rab1 Rc2 20. Bb3 Rc3 21. Rfd1 Rfc8 22. Bd5 R8c7 23. a4 Qg5 24. a5 Rc1 25. Qf3 Rxb1 26. Rxb1 Rc1+ 27. Rxc1 Qxc1+ 28. Qd1 Qxd1# 0-1

[Event "Live Chess"]
[Site "Chess.com"]
[Date "2021.02.06"]
[Round "-"]
[White "nextspacejl"]
[Black "SriAnshDumpala"]
[Result "1-0"]
[CurrentPosition "1r2k1r1/8/1N2RQ2/2P3B1/1n4Pp/7P/PP6/6K1 b - -"]
[Timezone "UTC"]
[ECO "C60"]
[ECOUrl "https://www.chess.com/openings/Ruy-Lopez-Opening-Nurnberg-Variation"]
[UTCDate "2021.02.06"]
[UTCTime "20:32:31"]
[WhiteElo "1110"]
[BlackElo "872"]
[TimeControl "1200+10"]
[Termination "nextspacejl won by checkmate"]
[StartTime "20:32:31"]
[EndDate "2021.02.06"]
[EndTime "20:44:20"]
[Link "https://www.chess.com/live/game/6472999650"]

1. e4 e5 2. Nf3 Nc6 3. Bb5 f6 4. Nc3 a6 5. Bxc6 bxc6 6. d3 Be7 7. Be3 d5 8. exd5 cxd5 9. d4 e4 10. Nd2 c6 11. O-O Be6 12. h3 g6 13. Nb3 g5 14. Nc5 Bxc5 15. dxc5 h5 16. g4 h4 17. Na4 Ne7 18. Nb6 Rb8 19. c4 Rg8 20. cxd5 cxd5 21. Qa4+ Kf7 22. Qxa6 d4 23. Bd2 e3 24. fxe3 dxe3 25. Bxe3 Nc6 26. Na4 Nb4 27. Qe2 Qd7 28. Nb6 Qd3 29. Qf2 Qe4 30. Qxf6+ Ke8 31. Bxg5 Bd5 32. Rae1 Qxe1 33. Rxe1+ Be6 34. Rxe6# 1-0

[Event "Live Chess"]
[Site "Chess.com"]
[Date "2021.02.06"]
[Round "-"]
[White "shasasha"]
[Black "mip67"]
[Result "1-0"]
[CurrentPosition "8/8/8/8/4QP2/k5Q1/2R5/6K1 b - -"]
[Timezone "UTC"]
[ECO "C48"]
[ECOUrl "https://www.chess.com/openings/Four-Knights-Game-Spanish-Variation-Classical-Variation"]
[UTCDate "2021.02.06"]
[UTCTime "20:32:27"]
[WhiteElo "802"]
[BlackElo "558"]
[TimeControl "1200+10"]
[Termination "shasasha won by checkmate"]
[StartTime "20:32:27"]
[EndDate "2021.02.06"]
[EndTime "20:41:52"]
[Link "https://www.chess.com/live/game/6473000112"]

1. e4 e5 2. Nf3 Nc6 3. Nc3 Nf6 4. Bb5 Bc5 5. Bxc6 bxc6 6. d3 d6 7. Bg5 Bb4 8. Bxf6 Bxc3+ 9. bxc3 Qxf6 10. O-O O-O 11. c4 Bg4 12. h3 Bxf3 13. gxf3 Qg5+ 14. Kh1 Qh5 15. Kh2 c5 16. Rg1 Rab8 17. Rg2 g6 18. Kg1 Qxh3 19. Rh2 Qe6 20. c3 Qf6 21. Qa4 Qxf3 22. Qxa7 Qxd3 23. Qxc7 Qxc4 24. Qxd6 Qxc3 25. Rf1 Rfd8 26. Qc7 Qc4 27. a3 Rdc8 28. Qxe5 Qc1 29. Rxc1 c4 30. Qg3 Ra8 31. Qh3 Rc5 32. Qxh7+ Kf8 33. Qh8+ Ke7 34. Qxa8 Kd6 35. Qf8+ Kc6 36. Qxf7 Kb5 37. Qxg6 Ka4 38. Ra1 c3 39. e5 c2 40. Rc1 Kb3 41. f4 Kb2 42. Rcxc2+ Rxc2 43. Rxc2+ Kxa3 44. e6 Kb3 45. e7 Ka3 46. e8=Q Kb3 47. Qee4 Ka3 48. Qg3# 1-0

[Event "Live Chess"]
[Site "Chess.com"]
[Date "2021.02.06"]
[Round "-"]
[White "Saif_Chess"]
[Black "AquaJollyPopsicle"]
[Result "0-1"]
[CurrentPosition "8/5pk1/6p1/P2Pp3/6q1/7r/7K/8 w - -"]
[Timezone "UTC"]
[ECO "B50"]
[ECOUrl "https://www.chess.com/openings/Sicilian-Defense-2.Nf3-d6"]
[UTCDate "2021.02.06"]
[UTCTime "20:32:35"]
[WhiteElo "882"]
[BlackElo "706"]
[TimeControl "1200+10"]
[Termination "AquaJollyPopsicle won by checkmate"]
[StartTime "20:32:35"]
[EndDate "2021.02.06"]
[EndTime "20:50:39"]
[Link "https://www.chess.com/live/game/6473000522"]

1. e4 c5 2. Nf3 d6 3. Bc4 Nf6 4. d3 Nc6 5. Nc3 g6 6. Nd5 Bg7 7. Bd2 O-O 8. O-O e6 9. Nxf6+ Qxf6 10. Bc3 Qe7 11. Bxg7 Kxg7 12. c3 Bd7 13. d4 cxd4 14. cxd4 e5 15. d5 Na5 16. b3 Nxc4 17. bxc4 Rac8 18. Qb3 Kg8 19. Rac1 Rc7 20. a4 Rfc8 21. Nd2 Qg5 22. Qb4 Bh3 23. g3 Bxf1 24. Rxf1 Rc5 25. Qxb7 Qxd2 26. Qxa7 Rxc4 27. Qd7 Qb4 28. Ra1 Rc1+ 29. Rxc1 Rxc1+ 30. Kg2 Qxe4+ 31. Kh3 Rc2 32. Qd8+ Kg7 33. Qxd6 Rxf2 34. a5 Qf5+ 35. g4 Rf3+ 36. Kh4 Rf4 37. h3 h5 38. Kg3 Qd3+ 39. Kh4 Qf5 40. Kg3 Rf3+ 41. Kh4 hxg4 42. hxg4 Rf4 43. Kg3 Qxg4+ 44. Kh2 Rf5 45. Qa3 Rh5+ 46. Qh3 Rxh3# 0-1

[Event "Live Chess"]
[Site "Chess.com"]
[Date "2021.02.06"]
[Round "-"]
[White "daodao01"]
[Black "Ekam_Dublin"]
[Result "0-1"]
[CurrentPosition "1Kq3k1/5p2/8/r7/6b1/8/8/8 w - -"]
[Timezone "UTC"]
[ECO "C46"]
[ECOUrl "https://www.chess.com/openings/Three-Knights-Opening"]
[UTCDate "2021.02.06"]
[UTCTime "20:32:29"]
[WhiteElo "984"]
[BlackElo "1023"]
[TimeControl "1200+10"]
[Termination "Ekam_Dublin won by checkmate"]
[StartTime "20:32:29"]
[EndDate "2021.02.06"]
[EndTime "20:44:32"]
[Link "https://www.chess.com/live/game/6473000994"]

1. e4 e5 2. Nf3 Nc6 3. Nc3 Bc5 4. Bc4 Nf6 5. d3 d6 6. Bg5 h6 7. Bh4 Bg4 8. h3 Bh5 9. Nd5 Nd4 10. Nxf6+ gxf6 11. g4 Bg6 12. Nxd4 Bxd4 13. c3 Bc5 14. d4 exd4 15. cxd4 Bb4+ 16. Ke2 Qd7 17. Bd3 f5 18. gxf5 Bh5+ 19. f3 d5 20. a3 Ba5 21. b4 Bb6 22. Bc2 dxe4 23. Bxe4 Qb5+ 24. Qd3 Qxd3+ 25. Kxd3 c6 26. Rac1 Bd8 27. Rhg1 Bxh4 28. a4 Rd8 29. b5 cxb5 30. axb5 Bf6 31. Rc4 b6 32. Bc6+ Ke7 33. Re1+ Kf8 34. Rg1 Rg8 35. Rxg8+ Kxg8 36. d5 Bxf3 37. Rf4 Bxd5 38. Rd4 Bxd4 39. Kxd4 Bxc6+ 40. Kc4 Bg2 41. h4 Bh3 42. f6 Rd6 43. h5 Rxf6 44. Kd5 Rf5+ 45. Kc6 Rxh5 46. Kb7 Rxb5 47. Kxa7 Rf5 48. Kxb6 Bg4 49. Kc6 h5 50. Kd6 h4 51. Ke7 h3 52. Kd6 h2 53. Ke7 h1=Q 54. Kd6 Qd1+ 55. Ke7 Qe2+ 56. Kd6 Qe6+ 57. Kc7 Rc5+ 58. Kb7 Qc6+ 59. Ka7 Ra5+ 60. Kb8 Qc8# 0-1

[Event "Live Chess"]
[Site "Chess.com"]
[Date "2021.02.06"]
[Round "-"]
[White "Pranil09"]
[Black "InkyEmptyMovie"]
[Result "1-0"]
[CurrentPosition "rn2qrk1/p1pp1ppQ/1pbb4/6N1/2B1P3/2NP4/PPP2PPP/R1B1K2R b KQ -"]
[Timezone "UTC"]
[ECO "C42"]
[ECOUrl "https://www.chess.com/openings/Petrovs-Defense-Classical-Variation"]
[UTCDate "2021.02.06"]
[UTCTime "20:33:00"]
[WhiteElo "630"]
[BlackElo "216"]
[TimeControl "1200+10"]
[Termination "Pranil09 won by checkmate"]
[StartTime "20:33:00"]
[EndDate "2021.02.06"]
[EndTime "20:39:57"]
[Link "https://www.chess.com/live/game/6473002983"]

1. e4 e5 2. Nf3 Nf6 3. Nxe5 Bd6 4. Nf3 O-O 5. Nc3 Nh5 6. Bc4 Bc5 7. d3 b6 8. Ne5 Bb7 9. Nf3 Bc6 10. Ng5 Bd6 11. Qxh5 Qe8 12. Qxh7# 1-0

[Event "Live Chess"]
[Site "Chess.com"]
[Date "2021.02.06"]
[Round "-"]
[White "KingOfChess2030"]
[Black "Relish_potatoes"]
[Result "0-1"]
[CurrentPosition "8/7p/6k1/7b/7K/8/p7/1r6 w - -"]
[Timezone "UTC"]
[ECO "C40"]
[ECOUrl "https://www.chess.com/openings/Kings-Pawn-Opening-Kings-Knight-Damiano-Defense"]
[UTCDate "2021.02.06"]
[UTCTime "20:34:27"]
[WhiteElo "262"]
[BlackElo "569"]
[TimeControl "1200+10"]
[Termination "Relish_potatoes won by resignation"]
[StartTime "20:34:27"]
[EndDate "2021.02.06"]
[EndTime "20:47:49"]
[Link "https://www.chess.com/live/game/6473017824"]

1. e4 e5 2. Nf3 f6 3. Bb5 c6 4. Ba4 b5 5. Bb3 f5 6. exf5 a5 7. Bxg8 Rxg8 8. Nxe5 Bd6 9. Nf3 Qe7+ 10. Qe2 Ba6 11. Qxe7+ Bxe7 12. Ne5 d6 13. Nxc6 Nxc6 14. d3 b4 15. c4 Rf8 16. g4 g6 17. a3 gxf5 18. gxf5 Bh4 19. Rf1 Rxf5 20. Be3 bxa3 21. bxa3 Kf8 22. Nc3 Re8 23. Nd1 Ne5 24. Rb1 Nxd3+ 25. Ke2 Bxc4 26. f4 Nxf4+ 27. Kf3 Bxf1 28. Bxf4 Bd3 29. Rb3 Bc4 30. Rb1 d5 31. Ne3 Bd3 32. Nxf5 Bxb1 33. Ne3 d4 34. Nc4 Be4+ 35. Ke2 Bd5+ 36. Ne3 dxe3 37. Bd6+ Be7 38. Bxe7+ Kxe7 39. Kxe3 Kf7+ 40. Kd4 Bg2 41. Kc4 Rb8 42. Kd4 Rb3 43. Kc4 Rb1 44. a4 Bf1+ 45. Kc5 Be2 46. Kd5 Bd1 47. h3 Bxa4 48. h4 Bd1 49. Ke4 a4 50. Kf4 a3 51. Kg3 a2 52. h5 Bxh5 53. Kh4 Kg6 0-1